 Dungeon Crawl Stone Soup version 0.27.1-33-g824d729ab1 (console) character file.

Game seed: 1366944277372641521

38 Banquo the Chopper (level 3, -1/30 HPs)
             Began as a Djinni Berserker on Dec 29, 2021.
             Was a Follower of Trog.
             Slain by a rat (2 damage)
             ... on level 2 of the Dungeon.
             The game lasted 00:02:44 (2513 turns).

Banquo the Chopper (Djinni Berserker)               Turns: 2513, Time: 00:02:45

Health: -1/30      AC:  2    Str: 17    XL:     3   Next: 65%
Gold:   119        EV: 12    Int:  8    God:    Trog [*.....] SH:  0 Dex: 12

rFire    + + .     SeeInvis .   a - +0 hand axe
rCold    x . .     Faith    .   (no shield)
rNeg     + . .     Spirit   .   b - +0 animal skin
rPois    ∞         Reflect  .   (no helmet)
rElec    .         Harm     .   (no cloak)
rCorr    .         Rampage  .   (no gloves)
Will     .....                  (boots unavailable)
Stlth    +.........             (no amulet)
HPRegen  0.10/turn              d - ring of positive energy
MPRegen  0.00/turn              (no ring)

@: flying
A: sickness immunity, fire resistance 2, cold vulnerability 1, float, innate
caster, hp casting, extra vitality 1
a: Renounce Religion, Berserk


You were on level 2 of the Dungeon.
You worshipped Trog.
Trog was aware of your devotion.
You visited 1 branch of the dungeon, and saw 2 of its levels.

You collected 119 gold pieces.

Inventory:

Hand Weapons
 a - a +0 hand axe (weapon)
 j - a +0 hand axe
Missiles
 h - 34 stones (quivered)
Armour
 b - a +0 animal skin (worn)
Jewellery
 d - a ring of positive energy (left hand)
 k - a ring of wizardry
 l - a ring of magical power
Scrolls
 c - a scroll of identify {unknown}
 f - a scroll of enchant weapon {unknown}
Potions
 e - a potion of ambrosia {unknown}
 g - a potion of berserk rage {unknown}
 i - a potion of haste {unknown}
 m - a potion of heal wounds {unknown}


   Skills:
 - Level 3.0 Fighting
 + Level 3.6 Axes
 - Level 2.0 Armour
 - Level 2.1 Dodging


You had one spell level left.
You knew the following spells:

 Your Spells              Type           Power      Damage    Failure   Level
a - Sandblast             Erth           0%         2d4       41%         1
Your spell library was empty.

Dungeon Overview and Level Annotations

Branches:
Dungeon (2/15)

Altars:
Qazlal


Innate Abilities, Weirdness & Mutations

You are immune to sickness and miasma.
You are immune to poison.
Your flesh is very heat resistant. (rF++)
You are vulnerable to cold. (rC-)
You float through the air rather than walking.
You learn spells naturally, not from books.
Your magical power is your life essence.
You have superior vitality. (+4 HP)


Message History

Found 15 gold pieces.
Found a stone staircase leading down.
You now have 119 gold pieces (gained 15).
You reach down and open the door.
You reach down and open the door.
There is an open door here.
There is an open door here.
A rat comes into view.
Found a scroll labelled OSIJAE ULAEF.
The worm completely misses you.
You hit the worm.
The worm is lightly wounded.
You hit the worm but do no damage.
The worm is lightly wounded.
You barely miss the rat. The rat closely misses you. The worm bites you!
You hit the worm.
The worm is heavily wounded.
You closely miss the rat. The rat misses you. The worm bites you!
The rat barely misses you.
You are too injured to fight recklessly!
You are too injured to fight recklessly!
You are too injured to fight recklessly!
You are too injured to fight recklessly!
You hit the rat but do no damage. You hit the worm but do no damage.
The rat bites you.
You hit the rat.
The rat is severely wounded.
You barely miss the worm. The worm misses you.
The rat bites you but does no damage.
You closely miss the rat.
The rat is moderately wounded.
You hit the worm but do no damage. The rat bites you. The worm bites you!
* * * LOW HITPOINT WARNING * * *
You completely miss the worm.
The worm is moderately wounded.
You hit the rat but do no damage. The rat barely misses you.
You hit the worm but do no damage.
The worm is moderately wounded.
You barely miss the rat. The rat bites you.
You die...

... .# #..... ###.. ######.###
##.#.#. .... #........### #......
# #.###.#........## #.#.#)#
#.#...#.#...........##......
#.###.#.#.#.#..................#
#>..............................
#.###.#.#.#.#.................#.
#.# # #.#.#.#..@r.......####+##.
#.# #.#.#.#...w)..... #. #.#
#.###.#........?. #. ##.# ♣.♣
#.###.....#.. #. .#.###♣♣.♣♣#.#
#..#..# . #.
.#...........###..#..# ##
.#.###♣♣.♣♣#......#..# . # .#...#
♣.♣ #####.##..# ... #
.#.#####.#######.##..###......###


You could see a worm and a rat.

Vanquished Creatures
  An adder (D:2)
  A worm (D:2)
  A dart slug (D:1)
  2 bats
  4 endoplasms
  A goblin (D:1)
  A hobgoblin (D:2)
  2 jackals (D:1)
  A quokka (D:1)
  A ball python (D:1)
  A frilled lizard (D:1)
  3 kobolds
  6 rats
25 creatures vanquished.

Notes
Turn   | Place    | Note
-------+----------+-------------------------------------------
     0 | D:1      | Banquo the Djinni Berserker began the quest for the Orb.
     0 | D:1      | Reached XP level 1. HP: 20/20 MP: 0/0
    27 | D:1      | Reached XP level 2. HP: 14/25 MP: 0/0
   312 | D:1      | Found Tef Xele's Armour Emporium.
  1201 | D:2      | Found a stormy altar of Qazlal.
  1225 | D:2      | Reached XP level 3. HP: 30/30 MP: 0/0
  1225 | D:2      | Learned a level 1 spell: Sandblast
  1738 | D:2      | HP: 1/30 [worm (6)]
  2511 | D:2      | HP: 1/30 [worm (9)]
  2513 | D:2      | Slain by a rat

Illustrated notes

Levels and vault maps discovered:
D:1:      minmay_arrival_jagged, layout_loops_cross, serial_shops,
          nicolae_shop_trees
D:2:      layout_basic, basic_altar, minmay_misc_feat_pillars,
          minmay_tree_intersection, minmay_misc_feat_hallway,
          kennysheep_generic_room_3

Skill      XL: |  1  2 |
---------------+-------+-----
Axes           | 3 |  3.6
Fighting       | |  3.0
Armour         | |  2.0
Dodging        | |  2.1

Action                   || total
-------------------------++-------
Melee: Hand axe          ||    99
 Stab: Sleeping          ||     2
Armor: Animal skin       ||    18
Dodge: Dodged            ||    47
